 Dungeon Crawl Stone Soup version 0.29.0-11-gd7f09526c8 (webtiles) character file.

Game seed: 9303525512867220333

531 tilp the Trooper (level 7, -4/58 HPs)
             Began as a Palentonga Ice Elementalist on Sept 3, 2022.
             Slain by an ogre
             ... wielding a +0 giant club
              (26 damage)
             ... on level 4 of the Dungeon.
             The game lasted 00:07:32 (4055 turns).

tilp the Trooper (Palentonga Ice Elementalist)      Turns: 4055, Time: 00:07:32

Health: -4/58      AC: 13    Str: 15    XL:     7   Next: 3%
Magic:  10/10      EV:  7    Int: 15    God:
Gold:   54         SH:  0    Dex: 11    Spells: 9/10 levels left

rFire   . . .      SeeInvis +   a - +1 flail
rCold   . . .      Faith    .   (no shield)
rNeg    . . .      Spirit   .   g - +0 scale mail
rPois   .          Reflect  .   (no helmet)
rElec   .          Harm     .   k - scarf {repulsion}
rCorr   .          Rampage  .   (no gloves)
Will    .....                   (no barding)
Stlth   ..........              (no amulet)
HPRegen 0.19/turn               (no ring)
MPRegen 0.12/turn               (no ring)

@: repel missiles, curled up
A: large, rugged brown scales 3, see invisible, deformed body, roll 1, armoured
tail, reflexive curl
a: Rolling Charge


You were on level 4 of the Dungeon.
You visited 1 branch of the dungeon, and saw 4 of its levels.

You collected 242 gold pieces.
You spent 188 gold pieces at shops.

Inventory:

Hand Weapons
 a - a +1 flail (weapon)
 b - the +7 sling "Qaolac" {freeze, Contam rElec rN+++ Int+6}
   (You found it on level 4 of the Dungeon)

   Any ammunition fired from it freezes those it strikes, dealing additional
   cold damage.
   It can also slow down cold-blooded creatures.
   Int:       It affects your intelligence (+6).
   rElec:     It insulates you from electricity.
   rN:        It renders you almost immune to negative energy.
   Contam:    It causes magical contamination when unequipped.
Missiles
 d - 6 poisoned darts (quivered)
 h - 12 stones
Armour
 g - a +0 scale mail (worn)
 k - a scarf of repulsion (worn)
Scrolls
 i - a scroll of torment {unknown}
 m - 3 scrolls of identify
 n - a scroll of teleportation
 o - a scroll of magic mapping
Potions
 e - a potion of resistance
 f - a potion of might
 j - a potion of attraction
 l - a potion of heal wounds
 p - a potion of brilliance {unknown}


   Skills:
 + Level 4.7 Fighting
 + Level 4.6 Maces & Flails
 - Level 2.0 Dodging
 - Level 2.0 Stealth
 - Level 2.0 Spellcasting
 - Level 3.2 Ice Magic


You had 9 spell levels left.
You knew the following spells:

 Your Spells              Type           Power      Damage    Failure   Level
a - Freeze                Ice            44%        1d6       24%         1

Your spell library contained the following spells:

 Spells                   Type           Power      Damage    Failure   Level
 Frozen Ramparts          Ice            22%        1d4       58%         3
 Ozocubu's Armour         Ice            11%        N/A       58%         3
 Blink                    Tloc           2%         N/A       80%         2
 Hailstorm                Conj/Ice       6%         3d4       99%         4
 Manifold Assault         Tloc           1%         N/A       100%        5
 Storm Form               Tmut/Air       0%         N/A       100%        7


Dungeon Overview and Level Annotations

Branches:
Dungeon (4/15)
 Temple: D:4-7

Altars:

Shops:
D:4 ?


Innate Abilities, Weirdness & Mutations

You are completely covered in rugged brown scales. (AC +3, +7% HP)
You have supernaturally acute eyesight. (SInv)
Armour fits poorly on your strangely shaped body.
You can roll at nearby foes to attack.
You have a long armoured tail.
You curl defensively after being hit. (AC +7*)


Message History

The orc wizard hits you with a +0 dagger.
You sock the orc wizard!
You kill the orc wizard!
You have reached level 7!
You now curl defensively after being hit.
Unknown command.
A giant cockroach comes into view.
Unknown command.
The giant cockroach waves its antennae.
You closely miss the giant cockroach. The giant cockroach bites you.
An ogre comes into view. It is wielding a +0 giant club.
The giant cockroach completely misses you.
You closely miss the giant cockroach.
Your tail-slap misses the giant cockroach.
The giant cockroach bites you but does no damage.
You barely miss the giant cockroach. The giant cockroach barely misses you.
You hit the giant cockroach.
The giant cockroach is heavily wounded.
The giant cockroach closely misses you. The giant cockroach bites you.
Roll where?
Press: ? - help, Dir - move target, f - ogre
Aim: an ogre, wielding a +0 giant club You roll forward with a clatter of scales!
You barely miss the ogre.
You tail-slap the ogre, but do no damage.
The ogre barely misses you.
Unknown command.
Unknown command.
The ogre attacks as you move away! The ogre barely misses you.
The giant cockroach barely misses you. The giant cockroach bites you.
You sock the giant cockroach!
You kill the giant cockroach!
You hit the ogre.
Your tail-slap misses the ogre.
The ogre is lightly wounded.
The ogre hits you with a +0 giant club!
* * * LOW HITPOINT WARNING * * *
You hit the ogre.
The ogre is moderately wounded.
The ogre hits you with a +0 giant club!!
You die...

≈...##.##.. ≈~......#. .#
~≈~.......# ###.# #
~≈≈~......##...## .#
≈≈~~......#.....# . ≈≈.~.
#...# # ≈≈~..###...##### .
##### ≈≈~~......O#...#...
..#...# ≈~.....)..#@....#
###.#....
≈~P~......##...###...### ..#
≈≈....##).#.###.#.....#. ##.
≈~...###)#...#...#...#...#..
≈≈~~. #..#...#...#####.. #..
≈≈#. #..#...#..)#..[#.. #..
≈ # #.<.#.###.#.....#.###.
#...##...###...###...#
##.)#..)..#.###.#..†..


You could see an ogre.

Vanquished Creatures
  Sigmund (D:2)
  A black bear (D:4)
  An iguana (D:4)
  2 orc wizards (D:4)
  Terence (D:2)
  A howler monkey skeleton (D:3)
  5 adders
  An ufetubus (D:4)
  An adder zombie (D:3)
  A worm (D:2)
  2 dart slugs
  13 orcs
  5 endoplasms
  5 giant cockroaches
  8 goblins
  7 hobgoblins
  8 jackals
  6 kobolds
  2 quokkas
  7 ball pythons
  7 bats
  3 frilled lizards
  A jackal skeleton (D:3)
  A quokka skeleton (D:3)
  11 rats
101 creatures vanquished.

Vanquished Creatures (others)
  9 plants (D:4)
  7 withered plants (D:3)
16 creatures vanquished.

Grand Total: 117 creatures vanquished

Notes
Turn   | Place    | Note
-------+----------+-------------------------------------------
     0 | D:1      | tilp the Palentonga Ice Elementalist began the quest for
                  | the Orb.
     0 | D:1      | Reached XP level 1. HP: 13/13 MP: 3/3
   266 | D:1      | Reached skill level 1 in Fighting
   266 | D:1      | Reached skill level 1 in Maces & Flails
   305 | D:1      | Reached XP level 2. HP: 17/22 MP: 3/5
  1064 | D:2      | Reached XP level 3. HP: 26/28 MP: 4/6
  1091 | D:2      | Noticed Terence
  1099 | D:2      | Killed Terence
  1689 | D:2      | Reached XP level 4. HP: 36/36 MP: 7/7
  1859 | D:2      | Noticed Sigmund
  1876 | D:2      | Killed Sigmund
  1877 | D:2      | Reached XP level 5. HP: 26/44 MP: 6/8
  2573 | D:3      | Reached XP level 6. HP: 51/51 MP: 9/9
  3188 | D:3      | Found a faded altar of an unknown god.
  3343 | D:4      | Found Jellijod's Magic Scroll Shoppe.
  3360 | D:4      | Bought a scroll of identify for 26 gold pieces
  3360 | D:4      | Bought a scroll of teleportation for 39 gold pieces
  3360 | D:4      | Bought a scroll of identify for 26 gold pieces
  3360 | D:4      | Bought a scroll of magic mapping for 97 gold pieces
  3670 | D:4      | Identified the +7 sling "Qaolac" {freeze, Contam rElec
                  | rN+++ Int+6}
  4041 | D:4      | Gained mutation: You curl defensively after being hit. (AC
                  | +7*) [Palentonga growth]
  4041 | D:4      | Reached XP level 7. HP: 39/58 MP: 10/10
  4055 | D:4      | Slain by an ogre

Illustrated notes

Levels and vault maps discovered:
D:1:      nagdon_arrival_double_spiral, layout_basic
D:2:      layout_loops_ring, uniq_terence, uniq_sigmund
D:3:      layout_loops_ring, serial_undead, serial_undead_b, serial_undead_b,
          serial_undead_c, serial_undead_b, basic_ecumenical_altar
D:4:      nicolae_cairo_tiling, layout_gridville,
          mainiacjoe_overflow_surrounded_room, serial_shops,
          nicolae_shop_waterfront, chequers_big_river, uniq_crazy_yiuf_cottage

Skill      XL: |  1  2  3  4  5  6 |
---------------+-------------------+-----
Fighting       | 1 2 3 4 |  4.7
Maces & Flails | 1 2 3 4 |  4.6
Dodging        | 2 |  2.0
Stealth        | 2 |  2.0
Spellcasting   | |  2.0
Ice Magic      | |  3.2

Action                   |  1- 3 |  4- 6 |  7- 9 || total
-------------------------+-------+-------+-------++-------
Melee: Whip              |    39 |       |       ||    39
       Tailslap          |     6 |    21 |     1 ||    28
       Flail             |    12 |   209 |     8 ||   229
       Punch             |     1 |       |       ||     1
Throw: Stone             |     1 |       |       ||     1
 Cast: Freeze            |    26 |     9 |       ||    35
 Abil: Rolling Charge    |     2 |    12 |     1 ||    15
  Use: Scroll            |     1 |     8 |       ||     9
       Potion            |       |     3 |       ||     3
Armor: Robe              |    19 |       |       ||    19
       Leather armour    |     3 |       |       ||     3
       Scale mail        |    12 |   129 |     1 ||   142
Dodge: Dodged            |    33 |    78 |     6 ||   117
